[Event "Titled Tuesday Blitz May 25 2021"]
[White "Khanin, Semen"]
[Black "Jones, Gawain C B"]
[WhiteFideId "4111990"]
[BlackFideId "409561"]
[WhiteElo "2521"]
[BlackElo "2657"]
[Result "1-0"]
[Round "10"]
[TimeControl "180+1"]
[Date "2021.05.25"]
[WhiteClock "0:00:38"]
[BlackClock "0:00:02"]

1. e4 e5 2. Nf3 Nc6 3. Bb5 a6 4. Ba4 d6 5. O-O Bd7 6. Bxc6 Bxc6 7. Nc3 Nf6 8. d4 Nxe4 9. Nxe4 Bxe4 10. Re1 Bxf3 11. Qxf3 Be7 12. dxe5 O-O 13. exd6 Bxd6 14. Qxb7 a5 15. Qf3 Qh4 16. g3 Qc4 17. Qe4 Qb5 18. a4 Qb6 19. b3 Bc5 20. Be3 h6 21. Qc4 Bxe3 22. Rxe3 Rad8 23. Rae1 Rd2 24. R3e2 Rxe2 25. Rxe2 Qd6 26. Kg2 Rd8 27. h4 h5 28. Re3 Rb8 29. Rf3 Qe7 30. Qd5 g6 31. Qxa5 c5 32. Qc3 Rb4 33. Re3 Re4 34. Rxe4 Qxe4+ 35. Kh2 Qf5 36. Kg1 Qd5 37. a5 Qd1+ 38. Kh2 Qd6 39. Qd3 Qf6 40. Kg2 Qc6+ 41. Qf3 Qa6 42. Qc3 Qb5 43. Qa1 Qa6 44. Qa4 Qa8+ 45. Kg1 Qa6 46. Qe8+ Kh7 47. Qxf7+ Kh8 48. Qf8+ Kh7 49. Qxc5 Qe2 50. Qb6 Qe1+ 51. Kh2 Qe4 52. a6 Qxc2 53. a7 1-0


[Site "https://www.chess.com"]

[Event "Titled Tuesday Blitz May 25 2021"]
[White "Khusnutdinov, Rustam"]
[Black "Isajevsky, Anton"]
[WhiteFideId "13701703"]
[BlackFideId "4142500"]
[WhiteElo "2571"]
[BlackElo "2510"]
[Result "0-1"]
[Round "10"]
[TimeControl "180+1"]
[Date "2021.05.25"]
[WhiteClock "0:00:07"]
[BlackClock "0:00:05"]

1. d4 d5 2. c4 e6 3. Nc3 a6 4. cxd5 exd5 5. Nf3 h6 6. Bf4 Nf6 7. e3 Bd6 8. Be5 c6 9. Bd3 O-O 10. O-O Re8 11. Bxf6 Qxf6 12. e4 dxe4 13. Nxe4 Qd8 14. Qb3 b5 15. Rfe1 Be6 16. Qc2 Ra7 17. Ne5 Rc7 18. Nc5 Bxc5 19. dxc5 Nd7 20. Rad1 Qf6 21. Qc3 Nxe5 22. Rxe5 Rce7 23. a3 Bd5 24. Rxe7 Qxe7 25. Bf1 g6 26. b4 Qg5 27. Re1 Qd8 28. g3 Rxe1 29. Qxe1 Kg7 30. Qe5+ Qf6 31. Qe3 Qa1 32. f4 Bc4 33. Qf2 Bxf1 34. Qxf1 Qxa3 35. Qe1 Qd3 36. Qe5+ Kh7 37. Qd6 Qe4 38. Kf2 Kg7 39. Qc7 Qxb4 40. Qxc6 Qd4+ 41. Kf3 b4 42. Qd6 Qc3+ 43. Ke4 b3 44. Qb6 b2 45. c6 Qc2+ 0-1


[Site "https://www.chess.com"]

[Event "Titled Tuesday Blitz May 25 2021"]
[White "Koellner, Ruben Gideon"]
[Black "Blanco Ronquillo, Humberto L."]
[WhiteFideId "12993093"]
[BlackFideId "3504239"]
[WhiteElo "2529"]
[BlackElo "2423"]
[Result "1-0"]
[Round "10"]
[TimeControl "180+1"]
[Date "2021.05.25"]
[WhiteClock "0:00:23"]
[BlackClock "0:00:14"]

1. d4 Nf6 2. Bg5 e6 3. Nd2 h6 4. Bh4 d5 5. e3 Be7 6. Bd3 O-O 7. c3 b6 8. f4 Bb7 9. Bxf6 Bxf6 10. Ngf3 c5 11. O-O Nd7 12. Ne5 c4 13. Bc2 b5 14. a3 a5 15. Qh5 Qe7 16. g4 b4 17. Nxd7 Qxd7 18. g5 Bd8 19. Nf3 bxc3 20. bxc3 Bc7 21. Rab1 Bc6 22. gxh6 g6 23. Qh4 Qd8 24. Qh3 Kh8 25. Ne5 Bxe5 26. fxe5 Qg5+ 27. Kh1 Ra7 28. Rg1 1-0


[Site "https://www.chess.com"]

[Event "Titled Tuesday Blitz May 25 2021"]
[White "Kosteniuk, Alexandra"]
[Black "Gabdushev, Ruslan"]
[WhiteFideId "4128125"]
[BlackFideId "4137833"]
[WhiteElo "2521"]
[BlackElo "2312"]
[Result "0-1"]
[Round "10"]
[TimeControl "180+1"]
[Date "2021.05.25"]
[WhiteClock "0:00:01"]
[BlackClock "0:00:03"]

1. c4 Nc6 2. Nc3 e5 3. g3 h5 4. h4 Bc5 5. Bg2 d6 6. e3 Bg4 7. Qb3 Rb8 8. a3 Be6 9. Qa4 Bd7 10. Qc2 a5 11. Nd5 Nce7 12. Ne2 c6 13. Nxe7 Nxe7 14. d4 Bb6 15. O-O Qc8 16. b4 Bh3 17. Bb2 Bxg2 18. Kxg2 Bc7 19. c5 exd4 20. cxd6 Bxd6 21. Nxd4 axb4 22. axb4 O-O 23. Ra5 Nd5 24. Nf5 Bxb4 25. Rxd5 cxd5 26. Qd3 Qc4 27. Rd1 Qe4+ 28. f3 Qxd3 29. Rxd3 g6 30. Nd4 Rfc8 31. g4 hxg4 32. fxg4 Be7 33. h5 Bf6 34. Kf3 b5 35. Rb3 b4 36. Kf4 Rc4 37. h6 Kh7 38. g5 Be7 39. Kg4 Bd6 40. Ba1 Be5 41. Rb1 f5+ 42. Kf3 b3 43. Bb2 Bxd4 44. Bxd4 b2 45. Rxb2 Rxb2 46. Bxb2 Rg4 47. Bf6 Ra4 48. Kg3 Rg4+ 49. Kf3 Re4 50. Bd4 Rh4 51. Bf6 Rg4 52. Be7 Re4 53. Bf6 Rh4 54. Be7 d4 55. exd4 Rxd4 56. Bf6 Ra4 57. Kg3 Rg4+ 58. Kf3 Rh4 59. Kg3 Rh5 60. Kf4 Kg8 61. Be5 Kf7 62. Bc7 Ke6 63. Bb8 Kd5 64. Bc7 Rh4+ 65. Kf3 Ke6 66. Bf4 Rh3+ 67. Kg2 Rh5 68. Kf3 Kd5 69. Kg3 Ke4 70. Bd6 Rxg5+ 71. Kf2 Rh5 72. Bf8 g5 73. Kg3 g4 74. Bg7 Ke3 75. Bc3 Rxh6 76. Be5 Rh3+ 77. Kg2 Ke4 0-1


[Site "https://www.chess.com"]

[Event "Titled Tuesday Blitz May 25 2021"]
[White "Langner, Ladislav"]
[Black "Sergey85Rodchenkov"]
[WhiteFideId "300403"]
[WhiteElo "2346"]
[BlackElo "2508"]
[Result "1/2-1/2"]
[Round "10"]
[TimeControl "180+1"]
[Date "2021.05.25"]
[WhiteClock "0:00:03"]
[BlackClock "0:00:17"]

1. e4 c5 2. d4 cxd4 3. c3 d3 4. Bxd3 Nc6 5. c4 e6 6. Nc3 Nf6 7. Nge2 d5 8. exd5 exd5 9. cxd5 Nxd5 10. Nxd5 Qxd5 11. O-O Be7 12. Bf4 Bg4 13. Qc2 Rc8 14. Nc3 Qh5 15. h3 Be6 16. Be2 Qg6 17. Bd3 Qh5 18. Be2 Qa5 19. Qe4 O-O 20. Bd3 g6 21. Rfe1 Bf6 22. Rac1 Rfd8 23. Bc4 Bxc4 24. Qxc4 Nd4 25. Qa4 Qxa4 26. Nxa4 Ne6 27. Be3 b5 28. Nc5 Nxc5 29. Rxc5 Rxc5 30. Bxc5 a6 31. b3 h5 32. a4 Rd3 33. Rb1 Rc3 34. Be3 Be5 35. Kf1 Rc2 36. axb5 axb5 37. Rc1 Rxc1+ 38. Bxc1 f5 39. Ke2 Kf7 40. Kd3 Ke6 41. Be3 Kd5 42. f3 Bd6 43. g4 fxg4 44. fxg4 Be5 45. gxh5 gxh5 46. Bd2 Bf6 47. Bf4 Be7 48. Bg3 Bc5 49. Bf4 Bb4 50. Bg3 Be7 51. Bf4 Kc5 52. Kc3 Bf6+ 53. Kd3 Kb4 54. Kc2 Bd4 55. Bd2+ Kc5 56. Kd3 Kd5 57. Bf4 Bc5 58. Bg3 Bb6 59. Bf4 Bf2 60. Bc7 h4 61. Bd8 Bg3 62. Bf6 Ke6 63. Bc3 Kf5 64. Ke3 Be5 65. Bxe5 Kxe5 66. b4 Kf5 67. Kf3 Ke5 68. Ke3 Kd5 69. Kd3 Ke5 70. Ke3 1/2-1/2


[Site "https://www.chess.com"]

[Event "Titled Tuesday Blitz May 25 2021"]
[White "Loy, Konstantin"]
[Black "Weetik, Vjacheslav"]
[WhiteFideId "14122499"]
[BlackFideId "4153472"]
[WhiteElo "2084"]
[BlackElo "2469"]
[Result "0-1"]
[Round "10"]
[TimeControl "180+1"]
[Date "2021.05.25"]
[WhiteClock "0:00:09"]
[BlackClock "0:01:28"]

1. e4 c5 2. Nf3 Nc6 3. Nc3 g6 4. d4 cxd4 5. Nxd4 Bg7 6. Be3 Nf6 7. Bc4 O-O 8. Bb3 Qa5 9. O-O d6 10. h3 Bd7 11. Nf3 Rfc8 12. Re1 h6 13. Qd2 Qh5 14. Qe2 g5 15. Nd4 g4 16. Nxc6 bxc6 17. hxg4 Nxg4 18. Bf4 Bd4 19. Bxf7+ Qxf7 20. Be3 Nxe3 21. fxe3 Be5 22. Rf1 Qg6 23. Rf3 Bg4 24. Qc4+ d5 0-1


[Site "https://www.chess.com"]

[Event "Titled Tuesday Blitz May 25 2021"]
[White "Maiorov, Nikita"]
[Black "Eynullayev, Atilla"]
[WhiteFideId "13501720"]
[BlackFideId "13413570"]
[WhiteElo "2440"]
[BlackElo "1997"]
[Result "1-0"]
[Round "10"]
[TimeControl "180+1"]
[Date "2021.05.25"]
[WhiteClock "0:00:03"]
[BlackClock "0:00:07"]

1. d4 Nf6 2. c4 e6 3. Nf3 d5 4. Nc3 a6 5. cxd5 exd5 6. Qb3 Ra7 7. Bg5 Be6 8. Bxf6 Qxf6 9. e3 Qd8 10. Bd3 c6 11. O-O Be7 12. Qc2 Nd7 13. a3 Nf6 14. Ng5 Qd7 15. f4 g6 16. f5 gxf5 17. Bxf5 Bxf5 18. Rxf5 h6 19. Nf3 Qe6 20. Ne5 Rg8 21. Raf1 Rg7 22. Qf2 Ng4 23. Nxg4 Rxg4 24. Rxf7 Kd7 25. Na4 b6 26. Nxb6+ Kc7 27. Na4 Ra8 28. Nc5 Qd6 29. Qf6 Qxf6 30. R1xf6 Re8 31. Re6 Kd8 32. Rxc6 Bxc5 33. dxc5 Rxe3 34. Rd6+ Ke8 35. h3 Rg5 36. Rf2 Re1+ 37. Kh2 Rc1 38. Re6+ Kd7 39. Rd6+ Ke7 40. b4 Re5 41. Rd2 h5 42. R6xd5 Ree1 43. Rd7+ Ke6 44. R7d6+ Ke5 45. R6d5+ Ke4 46. Rxh5 Rh1+ 47. Kg3 Rc3+ 48. Kg4 Rc4 49. Kg5 Rf1 50. Re2+ Kd3 51. Ra2 Re4 52. g4 Re5+ 53. Kh4 Re3 54. Rd5+ Kc4 55. Rh5 Rff3 56. Kg5 Kb3 57. Rh2 Kxa3 58. c6 Kxb4 59. Rc2 Rc3 60. Rxc3 Rxc3 61. Rh6 Rc5+ 62. Kf4 a5 63. Rh5 Rc4+ 64. Kf3 a4 65. Rh7 Rxc6 66. Rb7+ Ka3 67. g5 Rc3+ 68. Kg4 Rb3 69. Ra7 Kb4 70. g6 a3 71. g7 Rb1 72. Rb7+ Kc3 73. Rxb1 1-0


[Site "https://www.chess.com"]

[Event "Titled Tuesday Blitz May 25 2021"]
[White "Maksimenko, Viktor"]
[Black "Vaidya, Atulya"]
[WhiteFideId "13710478"]
[BlackFideId "2047713"]
[WhiteElo "2269"]
[BlackElo "2459"]
[Result "1-0"]
[Round "10"]
[TimeControl "180+1"]
[Date "2021.05.25"]
[WhiteClock "0:00:15"]
[BlackClock "0:01:07"]

1. d4 Nf6 2. c4 e6 3. Nf3 d5 4. g3 Bb4+ 5. Nbd2 O-O 6. Bg2 c5 7. O-O Nc6 8. cxd5 exd5 9. dxc5 Bxc5 10. Nb3 Be7 11. Nbd4 Bd7 12. Be3 Re8 13. Rc1 a6 14. Nxc6 bxc6 15. b3 Rc8 16. Bc5 Bxc5 17. Rxc5 Qe7 18. Rc2 c5 19. e3 Bb5 20. Re1 Red8 21. Qc1 Ne4 22. Rd1 c4 23. Nd4 Rb8 24. Bf1 cxb3 25. axb3 Bxf1 26. Kxf1 Qd7 27. Kg2 Ng5 28. h4 Qh3+ 29. Kg1 Ne4 30. Nc6 Ra8 31. Nxd8 Rxd8 32. Rxd5 Rf8 33. Qf1 Qe6 34. Rd4 Qe8 35. Qd3 Nf6 36. Rd2 h5 37. Rd8 Qc6 38. Rxf8+ Kxf8 39. Qd6+ 1-0


[Site "https://www.chess.com"]

[Event "Titled Tuesday Blitz May 25 2021"]
[White "Maksimovic, Bojan"]
[Black "Odinaev, Timur"]
[WhiteFideId "14408120"]
[BlackFideId "4163770"]
[WhiteElo "2437"]
[BlackElo "2306"]
[Result "1-0"]
[Round "10"]
[TimeControl "180+1"]
[Date "2021.05.25"]
[WhiteClock "0:00:04"]
[BlackClock "0:00:07"]

1. Nf3 Nf6 2. b3 g6 3. Bb2 Bg7 4. g3 O-O 5. Bg2 d5 6. c4 dxc4 7. bxc4 c5 8. O-O Nc6 9. d3 Bg4 10. h3 Bd7 11. Nc3 Qc8 12. Kh2 Nd4 13. Ne5 Be8 14. Rb1 Rb8 15. e3 Nc6 16. Nf3 b6 17. Qe2 Qa6 18. a3 Qc8 19. Rfe1 Bd7 20. Nd5 Nxd5 21. cxd5 Nd8 22. Bxg7 Kxg7 23. e4 e6 24. d6 b5 25. e5 Bc6 26. Rec1 Bxf3 27. Qxf3 f6 28. Qe3 fxe5 29. Rxc5 Qa6 30. Qxe5+ Kg8 31. Qd4 Nf7 32. Rc6 Qxa3 33. d7 Rbd8 34. Rxe6 Qa2 35. Rbe1 b4 36. Re7 Qa6 37. Bd5 Qb5 38. Bc4 Qf5 39. Kg2 a5 40. R1e3 a4 41. Rf3 Qxf3+ 42. Kxf3 b3 43. Qf6 1-0


[Site "https://www.chess.com"]

[Event "Titled Tuesday Blitz May 25 2021"]
[White "Manukyan, Artyom"]
[Black "Shkapenko, Pavel"]
[WhiteFideId "13305786"]
[BlackFideId "4151933"]
[WhiteElo "2034"]
[BlackElo "2386"]
[Result "0-1"]
[Round "10"]
[TimeControl "180+1"]
[Date "2021.05.25"]
[WhiteClock "0:00:03"]
[BlackClock "0:00:10"]

1. e4 e5 2. Nf3 Nc6 3. Bb5 Bc5 4. c3 f5 5. d4 fxe4 6. Nfd2 Bb6 7. d5 Nf6 8. dxc6 bxc6 9. Be2 d5 10. Nb3 O-O 11. O-O c5 12. a4 a6 13. a5 Ba7 14. Be3 d4 15. Bc4+ Kh8 16. Bg5 Qe8 17. Bxf6 gxf6 18. Bd5 Rb8 19. Bxe4 Be6 20. Nc1 Rxb2 21. Nd3 Rb8 22. cxd4 cxd4 23. Qc2 c5 24. Na3 f5 25. Nxe5 fxe4 26. Qxe4 Bf5 27. Qd5 Rd8 28. Qb7 Qxe5 29. Qxa7 Rg8 30. Rae1 Qd5 31. f3 d3 32. Qe7 Qd4+ 33. Kh1 d2 34. Rd1 Rd7 35. Qe2 Bd3 36. Qxd2 Bxf1 37. Qxd4+ cxd4 38. Rxf1 Rc8 39. Rd1 d3 40. Kg1 d2 41. Kf2 Rc3 42. Nb1 Rc5 43. Nxd2 Rxa5 44. Ke2 Ra2 45. Ke3 a5 46. f4 a4 47. f5 Rc2 48. g4 a3 49. f6 a2 50. f7 Rxf7 51. Ra1 Rb7 52. Kd3 Rbb2 53. Nc4 Rb1 54. Kxc2 Rxa1 55. Kb2 Rc1 56. Kxa2 Rxc4 57. Kb3 0-1


[Site "https://www.chess.com"]

[Event "Titled Tuesday Blitz May 25 2021"]
[White "Martin Carmona, Gaston Manuel"]
[Black "Shapiro, David"]
[WhiteFideId "22284567"]
[BlackFideId "24133523"]
[WhiteElo "2144"]
[BlackElo "2261"]
[Result "0-1"]
[Round "10"]
[TimeControl "180+1"]
[Date "2021.05.25"]
[WhiteClock "0:00:03"]
[BlackClock "0:00:02"]

1. e4 e5 2. Nf3 Nf6 3. d4 Nxe4 4. Bd3 Nc6 5. Nxe5 Nxe5 6. dxe5 Nc5 7. Bc4 d6 8. Qf3 Qe7 9. Be3 Be6 10. Bb5+ c6 11. Bxc6+ Kd8 12. Bxc5 dxc5 13. Bxb7 Rb8 14. Ba6 c4 15. Nd2 Qc7 16. O-O Rb6 17. Bxc4 Bxc4 18. Nxc4 Qxc4 19. Qa8+ Kc7 20. Qxa7+ Rb7 21. Qa5+ Kb8 22. Qd8+ Qc8 23. Rfd1 Qxd8 24. Rxd8+ Kc7 25. Rad1 Rxb2 26. R1d7+ Kc6 27. g3 Rb8 28. Rxb8 Kxd7 29. a4 Kc7 30. Re8 g5 31. a5 Bg7 32. Re7+ Kc6 33. Rxf7 Bxe5 34. Rf5 Bd4 35. Rxg5 Rf8 36. Rg4 Bxf2+ 37. Kg2 Bc5 38. Rf4 Ra8 39. Rf6+ Kd5 40. a6 Bd6 41. c4+ Kc5 42. Rh6 Rxa6 43. Rxh7 Kxc4 44. Rh4+ Kd5 45. Rg4 Ra2+ 46. Kh3 Bc5 47. Rg5+ Kc4 48. Rh5 Bg1 49. Kg4 Bxh2 50. Rh3 Bg1 51. Kh4 Bd4 52. g4 Kd5 53. g5 Ke6 54. Kh5 Ra8 55. Rf3 Rh8+ 56. Kg6 Rg8+ 57. Kh5 Bc5 58. Rf1 Be7 59. g6 Rh8+ 60. Kg4 Rh6 61. Re1+ Kf6 62. g7 Rg6+ 63. Kh5 Rxg7 64. Rf1+ Ke6 65. Re1+ Kd7 66. Rd1+ Bd6 67. Kh6 Rg2 68. Rd3 Ke6 69. Re3+ Be5 70. Rf3 Rg1 71. Kh5 Bf6 72. Re3+ Kf7 73. Rf3 Rg5+ 74. Kh6 Rg4 75. Rh3 Rg8 76. Kh5 Rg5+ 77. Kh6 Ra5 78. Rh5 Ra8 0-1


[Site "https://www.chess.com"]

[Event "Titled Tuesday Blitz May 25 2021"]
[White "Matveev, Vladimir"]
[Black "Zhukova, Natalia"]
[WhiteFideId "24130753"]
[BlackFideId "14101513"]
[WhiteElo "2383"]
[BlackElo "2369"]
[Result "1-0"]
[Round "10"]
[TimeControl "180+1"]
[Date "2021.05.25"]
[WhiteClock "0:00:37"]
[BlackClock "0:00:30"]

1. d4 Nf6 2. c4 e6 3. Nf3 d5 4. g3 c5 5. cxd5 exd5 6. Bg2 Nc6 7. O-O Be7 8. Nc3 O-O 9. b3 Ne4 10. Bb2 Bf6 11. e3 Bg4 12. h3 Bxf3 13. Bxf3 cxd4 14. Nxe4 dxe4 15. Bxe4 dxe3 16. Qxd8 exf2+ 17. Rxf2 Bxd8 18. Rd2 Bb6+ 19. Kg2 Rad8 20. Rad1 Rxd2+ 21. Rxd2 Rd8 22. Re2 g6 23. Bf6 Re8 24. Kf3 Re6 25. Bb2 Nd8 26. Rd2 Kf8 27. g4 Ke8 28. g5 Nc6 29. Bf6 Ne5+ 30. Kg2 Nd7 31. Bd5 Re1 32. Bxf7+ Kxf7 33. Rxd7+ Ke6 34. Re7+ 1-0


[Site "https://www.chess.com"]

[Event "Titled Tuesday Blitz May 25 2021"]
[White "Mickiewicz, Piotr"]
[Black "AldokhinIvan"]
[WhiteFideId "1114891"]
[WhiteElo "2263"]
[BlackElo "2512"]
[Result "1-0"]
[Round "10"]
[TimeControl "180+1"]
[Date "2021.05.25"]
[WhiteClock "0:01:40"]
[BlackClock "0:00:20"]

1. Nf3 Nf6 2. g3 g6 3. Bg2 Bg7 4. O-O d6 5. d3 O-O 6. Nc3 e5 7. e4 Nc6 8. h3 Bd7 9. Be3 Ne8 10. d4 exd4 11. Nxd4 Ne5 12. b3 c5 13. Nde2 b5 14. f4 Nc6 15. e5 b4 16. Nd5 Qa5 17. g4 dxe5 18. f5 Rd8 19. f6 Bh8 20. Ne7+ Nxe7 21. fxe7 Nc7 22. exf8=Q+ Kxf8 23. Qd6+ Kg8 24. Qe7 Rf8 25. Qxd7 Ne6 26. Rxf7 Rxf7 27. Qxe6 1-0


[Site "https://www.chess.com"]

[Event "Titled Tuesday Blitz May 25 2021"]
[White "Milanovic, Vojislav"]
[Black "Barbero Sendic, Alejandro"]
[WhiteFideId "905046"]
[BlackFideId "3001288"]
[WhiteElo "2363"]
[BlackElo "2314"]
[Result "0-1"]
[Round "10"]
[TimeControl "180+1"]
[Date "2021.05.25"]
[WhiteClock "0:00:18"]
[BlackClock "0:00:12"]

1. e4 Na6 2. d4 Nh6 3. Nf3 e6 4. Nc3 d6 5. a3 Bd7 6. Bd3 Be7 7. O-O c6 8. Re1 Nc7 9. h3 d5 10. e5 Nf5 11. Ne2 O-O 12. c3 c5 13. Ng3 Nxg3 14. fxg3 cxd4 15. cxd4 Rc8 16. Bb1 f6 17. exf6 Bxf6 18. Qd3 g6 19. Bf4 Na8 20. h4 Qb6 21. b4 Bb5 22. Qe3 Rce8 23. h5 gxh5 24. Ne5 Qc7 25. Bd3 Bxd3 26. Qxd3 Qg7 27. Qe3 Bxe5 28. Bxe5 Qg6 29. Rac1 Rc8 30. Rxc8 Rxc8 31. Rf1 Rf8 32. Rxf8+ Kxf8 33. Qc3 Nb6 34. Qc7 Qb1+ 35. Kh2 h4 36. Qg7+ Ke8 37. Bf6 Nc8 38. Qc7 hxg3+ 39. Qxg3 Qg6 40. Qh4 Kf7 41. Be5 Ne7 42. Qf2+ Nf5 43. Qc2 Qh5+ 44. Kg1 Qg5 45. Qc7+ Qe7 46. Qxe7+ Kxe7 47. Kf2 Kd7 48. Kf3 Kc6 49. Kf4 Ne7 50. g4 Ng6+ 51. Kg5 Nxe5 52. dxe5 d4 53. Kf4 Kd5 54. g5 Kc4 55. Ke4 d3 56. Ke3 Kc3 57. b5 d2 58. b6 d1=Q 59. bxa7 Qa4 60. a8=Q Qxa8 61. Kf4 Qa7 62. g6 Qd4+ 63. Kg5 hxg6 64. Kf6 Qf4+ 65. Kxe6 g5 66. Kd6 g4 67. Kd5 g3 68. e6 g2 69. e7 g1=Q 70. e8=Q Qgd4+ 71. Ke6 Qfe5+ 72. Kf7 Qdf4+ 73. Kg8 Qeg5+ 74. Kh7 Qfh4+ 75. Qh5 Qhxh5# 0-1


[Site "https://www.chess.com"]

[Event "Titled Tuesday Blitz May 25 2021"]
[White "Mirzoev, Azer"]
[Black "Abdrlauf, Elham"]
[WhiteFideId "13400304"]
[BlackFideId "1533533"]
[WhiteElo "2525"]
[BlackElo "2326"]
[Result "1-0"]
[Round "10"]
[TimeControl "180+1"]
[Date "2021.05.25"]
[WhiteClock "0:00:10"]
[BlackClock "0:00:01"]

1. d4 Nf6 2. Nf3 e6 3. c4 d5 4. e3 a6 5. b3 dxc4 6. bxc4 b6 7. Bb2 Bb7 8. Nbd2 Nbd7 9. Bd3 c5 10. O-O Bd6 11. h3 O-O 12. Qe2 Qe7 13. Rfd1 e5 14. dxe5 Nxe5 15. Nxe5 Bxe5 16. Bxe5 Qxe5 17. Nf3 Qc7 18. a4 Rfe8 19. Rab1 Rab8 20. Qb2 Bxf3 21. gxf3 Qc6 22. f4 Qxa4 23. Ra1 Qc6 24. Rxa6 Qf3 25. Qb1 Qxh3 26. Bf1 Qg4+ 27. Bg2 Ne4 28. Qc2 Nf6 29. Ra7 Rbd8 30. Raa1 h5 31. Kf1 h4 32. Qe2 Qe6 33. Kg1 h3 34. Bf3 Ne4 35. Rxd8 Rxd8 36. Rd1 Re8 37. Qc2 Nd6 38. Bd5 Qg4+ 39. Kh2 Nf5 40. Rg1 Qh5 41. Rg5 Nxe3 42. fxe3 Qh4 43. Qf5 Qf2+ 44. Kh1 1-0


[Site "https://www.chess.com"]

[Event "Titled Tuesday Blitz May 25 2021"]
[White "Miszler, Levente"]
[Black "Sadovsky, Artem"]
[WhiteFideId "763276"]
[BlackFideId "4155840"]
[WhiteElo "1967"]
[BlackElo "2476"]
[Result "0-1"]
[Round "10"]
[TimeControl "180+1"]
[Date "2021.05.25"]
[WhiteClock "0:00:46"]
[BlackClock "0:01:03"]

1. Nf3 g6 2. c4 Bg7 3. g3 e5 4. Bg2 e4 5. Ng1 f5 6. d3 exd3 7. exd3 Nf6 8. Ne2 O-O 9. O-O Nc6 10. d4 d5 11. c5 Qe8 12. Nf4 Ne7 13. Re1 Qf7 14. Nc3 c6 15. Nd3 Ne4 16. Be3 Re8 17. f3 Nf6 18. Ne5 Qf8 19. Qd2 Nd7 20. Bf4 Nxe5 21. Bxe5 Bd7 22. Re2 Bxe5 23. Rxe5 f4 24. Rae1 fxg3 25. hxg3 Nf5 26. g4 Nh4 27. Qf2 Rxe5 28. Rxe5 Qf4 29. Qxh4 Qxd4+ 30. Kh1 Qxe5 31. Qf2 g5 32. Qd2 Re8 33. Qd3 h5 34. Qg6+ Qg7 35. Qxh5 Re1+ 36. Kh2 Qe5+ 37. Kh3 Kg7 0-1


[Site "https://www.chess.com"]

[Event "Titled Tuesday Blitz May 25 2021"]
[White "Mohammad Fahad, Rahman"]
[Black "Baches Garcia, Guillermo"]
[WhiteFideId "10207791"]
[BlackFideId "2209764"]
[WhiteElo "2323"]
[BlackElo "2408"]
[Result "1-0"]
[Round "10"]
[TimeControl "180+1"]
[Date "2021.05.25"]
[WhiteClock "0:00:03"]
[BlackClock "0:00:02"]

1. e4 c5 2. Nf3 d6 3. d4 cxd4 4. Qxd4 Nc6 5. Qe3 g6 6. Be2 Bg7 7. O-O Nf6 8. h3 O-O 9. c4 Nd7 10. Nc3 Nc5 11. Rd1 a5 12. Rb1 a4 13. Nd5 Be6 14. b4 axb3 15. axb3 Bxd5 16. exd5 Nb4 17. Bd2 Nc2 18. Qg5 Ne4 19. Qh4 Nxd2 20. Rxd2 Ra1 21. Rbd1 Rxd1+ 22. Bxd1 Nb4 23. Re2 Re8 24. Ng5 h6 25. Ne4 Nd3 26. Qg3 Nc5 27. Nxc5 dxc5 28. Bc2 Kf8 29. Qf4 Qd6 30. Qf3 Ra8 31. g3 Qf6 32. Qe3 Ra1+ 33. Kg2 Qd6 34. Qf3 Qf6 35. Qg4 Kg8 36. Qd7 Kh7 37. Qxe7 Qg5 38. Qxg5 hxg5 39. d6 Ra8 40. Re7 Rd8 41. Rxf7 Rxd6 42. Rxb7 Rd2 43. Be4 Kh6 44. Rb6 Bd4 45. Rxg6+ Kh7 46. Rxg5+ 1-0


[Site "https://www.chess.com"]

[Event "Titled Tuesday Blitz May 25 2021"]
[White "Molina, Roberto Junio Brito"]
[Black "Dzhaparov, Medet"]
[WhiteFideId "2109450"]
[BlackFideId "13803689"]
[WhiteElo "2402"]
[BlackElo "1702"]
[Result "1-0"]
[Round "10"]
[TimeControl "180+1"]
[Date "2021.05.25"]
[WhiteClock "0:00:20"]
[BlackClock "0:00:02"]

1. d4 Nf6 2. c4 g6 3. Nc3 d5 4. cxd5 Nxd5 5. e4 Nxc3 6. bxc3 Bg7 7. Bc4 O-O 8. Ne2 c5 9. Be3 Nc6 10. O-O Bg4 11. f3 Bd7 12. Rc1 Rc8 13. Qd2 Qa5 14. Rfd1 Rfd8 15. Bh6 cxd4 16. Bxg7 Kxg7 17. cxd4 Qxd2 18. Rxd2 Na5 19. Bd3 Rxc1+ 20. Nxc1 Rc8 21. Ne2 e6 22. Kf2 b5 23. Ke3 a6 24. d5 exd5 25. exd5 Kf6 26. Kd4 Ke7 27. Nc3 f5 28. g4 Kd6 29. gxf5 gxf5 30. Rg2 b4 31. Ne2 b3 32. Nf4 bxa2 33. Rxa2 Nb3+ 34. Ke3 Nc5 35. Bxa6 Rb8 36. Bc4 Rb4 37. Rc2 Ke5 38. Ne2 Ba4 39. f4+ Kd6 40. Rc1 Rb8 41. Nd4 Re8+ 42. Kf3 Bd7 43. Bb5 Re4 44. Bxd7 Rxd4 45. Bxf5 Rxd5 46. Bxh7 Rh5 47. Rd1+ Ke7 48. Bg6 Rxh2 49. Bf5 Kf6 50. Bg4 Rc2 51. Rd6+ Ke7 52. Rd5 Rc3+ 53. Ke2 Rc2+ 54. Ke3 Rc4 55. Bf3 Rc3+ 56. Ke2 Rc2+ 57. Kf1 Rc3 58. Kg2 Rc2+ 59. Kg3 Ne6 60. f5 Ng5 61. Bg4 Kf6 62. Rd6+ Ke5 63. Rg6 Rc3+ 64. Kh4 Kf4 65. Rxg5 1-0


[Site "https://www.chess.com"]

[Event "Titled Tuesday Blitz May 25 2021"]
[White "Morefield, Jason"]
[Black "Seul, Georg"]
[WhiteFideId "30920825"]
[BlackFideId "4601653"]
[WhiteElo "2171"]
[BlackElo "2332"]
[Result "1-0"]
[Round "10"]
[TimeControl "180+1"]
[Date "2021.05.25"]
[WhiteClock "0:00:51"]
[BlackClock "0:00:07"]

1. Nf3 Nf6 2. c4 e6 3. g3 a6 4. Bg2 b5 5. d3 Bb7 6. O-O Be7 7. b3 O-O 8. Bb2 c5 9. Nbd2 d6 10. Rc1 Nbd7 11. Rc2 Qb6 12. Qa1 d5 13. Ne5 Nxe5 14. Bxe5 d4 15. Bxb7 Qxb7 16. Bxf6 gxf6 17. cxb5 axb5 18. Ne4 Rfc8 19. Rfc1 Qb6 20. b4 c4 21. dxc4 Qb7 22. Qxd4 e5 23. Qd5 Qxd5 24. cxd5 Rxc2 25. Rxc2 Bxb4 26. Nxf6+ Kg7 27. Nd7 e4 28. e3 Rd8 29. Nb6 Ba5 30. Rc6 Bxb6 31. Rxb6 Rxd5 32. g4 h5 33. gxh5 Rg5+ 34. Kh1 Rxh5 35. Rd6 Rc5 36. Kg2 Rg5+ 37. Kf1 Rc5 38. Rd4 f5 39. a4 bxa4 40. Rxa4 Kg6 41. Kg2 Rc1 42. Ra8 Kg5 43. Rg8+ Kf6 44. h4 Kf7 45. Ra8 Kf6 46. Ra6+ Kf7 47. h5 Rb1 48. h6 Rb8 49. Kg3 Rg8+ 50. Kf4 Rg2 51. Kxf5 Rxf2+ 52. Kxe4 Rh2 53. Kf5 Rh5+ 54. Kg4 Rh1 55. e4 Rh2 56. e5 Rh1 57. Rf6+ Ke7 58. Kf5 Rh5+ 59. Ke4 Rh4+ 60. Kd5 Rh1 61. Rg6 Rh2 62. Rg7+ Kf8 63. Rg6 Kf7 64. Ra6 Ke7 65. Ra7+ 1-0


[Site "https://www.chess.com"]

[Event "Titled Tuesday Blitz May 25 2021"]
[White "Mortazavi, Ali"]
[Black "Lamaze, Simon"]
[WhiteFideId "401323"]
[BlackFideId "36069264"]
[WhiteElo "2339"]
[BlackElo "1938"]
[Result "0-1"]
[Round "10"]
[TimeControl "180+1"]
[Date "2021.05.25"]
[WhiteClock "0:00:01"]
[BlackClock "0:00:13"]

1. Nf3 Nf6 2. g3 g6 3. Bg2 Bg7 4. O-O O-O 5. d3 d6 6. e4 Nbd7 7. Nc3 Re8 8. a4 a6 9. a5 e5 10. h3 c6 11. d4 exd4 12. Nxd4 Nc5 13. Re1 Qc7 14. Bf4 Nfd7 15. Nxc6 bxc6 16. Bxd6 Qb7 17. Rb1 Ra7 18. f4 Qb4 19. e5 Bf8 20. Ne4 Bxd6 21. Qxd6 Qxa5 22. b4 Nxe4 23. bxa5 Nxd6 24. exd6 Kf8 25. Bxc6 Re6 26. Red1 Ke8 27. f5 gxf5 28. Rb4 Kd8 29. Rh4 Ne5 30. Bg2 f6 31. Rh5 Rg7 32. Kh2 Bd7 33. Rxf5 Rg5 34. Rf4 Nf7 35. Rfd4 Rxa5 36. h4 Re2 37. c4 Raa2 38. Rg1 Bc6 39. Kh3 Bxg2+ 40. Kg4 Re4+ 41. Rxe4 Bxe4 42. c5 f5+ 43. Kh5 Kd7 44. g4 Ne5 45. gxf5 Bf3+ 46. Kh6 Bd5 47. Rg7+ Kc6 48. Rc7+ Kb5 49. Re7 Nc6 50. Rxh7 Rd2 51. d7 Bc4 52. f6 Kxc5 53. Re7 Rd6 54. Kg7 Nd4 55. f7 Nf5+ 56. Kh7 Nxe7 57. f8=Q Nc6 0-1


[Site "https://www.chess.com"]

[Event "Titled Tuesday Blitz May 25 2021"]
[White "Navalgund, Niranjan"]
[Black "Sanchez Alvares, Kelvin Antonio"]
[WhiteFideId "5030854"]
[BlackFideId "3906680"]
[WhiteElo "2290"]
[BlackElo "2247"]
[Result "1-0"]
[Round "10"]
[TimeControl "180+1"]
[Date "2021.05.25"]
[WhiteClock "0:00:56"]
[BlackClock "0:00:17"]

1. e4 e5 2. Nf3 Nc6 3. Nc3 Bc5 4. Nxe5 Nxe5 5. d4 Bd6 6. f4 Nc6 7. e5 Bb4 8. d5 Nce7 9. Bc4 d6 10. O-O Bf5 11. g4 Bc5+ 12. Kh1 Nh6 13. gxf5 Nexf5 14. Ne4 Qh4 15. Qe1 Qxe1 16. Rxe1 O-O-O 17. Nxc5 dxc5 18. c3 Ng4 19. Bd2 h5 20. h3 Ngh6 21. Rad1 Ng3+ 22. Kh2 Nhf5 23. h4 Rh6 24. e6 fxe6 25. dxe6 Nd6 26. e7 Re8 27. Be6+ Rxe6 28. Rxe6 Nge4 29. Be3 b6 30. f5 Nf6 31. Bg5 Nfe4 32. Rxe4 1-0


[Site "https://www.chess.com"]